 Dungeon Crawl Stone Soup version 0.17.2-1-ge4368a0 (webtiles) character file.

86 Goblin1989 the Skirmisher (level 4, -5/46 HPs)
             Began as a Minotaur Hunter on Sept 20, 2016.
             Slain by Sigmund
             ... wielding a +0 scythe
              (10 damage)
             ... on level 2 of the Dungeon.
             The game lasted 00:04:08 (1009 turns).

Goblin1989 the Skirmisher (Minotaur Hunter)         Turns: 1009, Time: 00:04:09

Health: -5/46      AC:  7    Str: 18    XL:     4   Next: 26%
Magic:  3/3        EV: 11    Int:  8    God:
Gold:   17         SH:  0    Dex: 10    Spells: 0 memorised, 3 levels left

rFire  . . .     SeeInvis .     b - +0 hand axe
rCold  . . .     Clarity  .     k - +0 ring mail
rNeg   . . .     SustAt   .     (no shield)
rPois  .         Gourm    .     (helmet restricted)
rElec  .         Spirit   .     (no cloak)
rCorr  .         Warding  .     (no gloves)
rMut   .         Stasis   .     (no boots)
MR     .....                    (no amulet)
Stlth  +.........               (no ring)
                                (no ring)

@: drained, not resistant to hostile enchantments, very unstealthy
A: retaliatory headbutt, claws 1, horns 2, thin metallic scales 1, robust 1
a: no special abilities


You were on level 2 of the Dungeon.
You were not hungry.

You visited 1 branch of the dungeon, and saw 2 of its levels.

You collected 17 gold pieces.

Inventory:

Hand Weapons
 a - a +1 hand crossbow
 b - a +0 hand axe (weapon)
Missiles
 d - 20 bolts
Armour
 k - a +0 ring mail (worn)
Scrolls
 f - a scroll of identify {unknown}
 i - a scroll of blinking {unknown}
Comestibles
 e - a bread ration
 g - a meat ration


   Skills:
 - Level 5.1(4.9) Fighting
 + Level 1.7(1.6) Axes
 - Level 4.3(4.2) Crossbows
 - Level 2.1(2.0) Dodging
 - Level 0.7(0.5) Stealth


You had 3 spell levels left.
You didn't know any spells.

Dungeon Overview and Level Annotations

Branches:
Dungeon (2/15)

Altars:

Annotations:
D:2 Sigmund


Innate Abilities, Weirdness & Mutations

You reflexively headbutt those who attack you in melee.
You have a pair of horns on your head.
You have sharp fingernails.
You are partially covered in thin metallic scales (AC +2).
You are robust (+10% HP).


Message History

You miss something. Something hits you.
You take 4 damage, and have 29/46 hp.
You hit something. Something hits you.
You take 6 damage, and have 23/46 hp.
You slash something! You headbutt something. Something hits you.
You take 5 damage, and have 18/46 hp.
You closely miss something. You closely miss something.
You hear some strange, mumbled words.
A puff of flame appears from out of thin air!
The puff of flame hits you!
* * * LOW HITPOINT WARNING * * *
Something hits you but does no damage.
You take 5 damage, and have 13/46 hp.
You hit something. You hit something. Something hits you!
* * * LOW HITPOINT WARNING * * *
You take 8 damage, and have 5/46 hp.
You hit something. Something hits you!
You die...

#........ #......
#.......< #......
## #........
#......#>#
#........
#.../....#
#........
....#..### #......
.......# #...#
#..##.# #.#
#.÷.#.# #@# #.....
#..<#.###{#
#......###.÷....)#
.............#.#.#
#.....####...#.#.#
#..... #....##.#
#..... ###..##.#
#.....## #..##.#
#.{...<# ...##.#


There were no monsters in sight!

Vanquished Creatures
  Terence (D:2)
  Robin (D:2)
  2 adders
  3 ball pythons
  2 bats (D:1)
  A giant cockroach (D:1)
  8 goblins
  6 hobgoblins
  2 giant newts
  4 kobolds (D:1)
  2 rats (D:1)
32 creatures vanquished.

Notes
Turn   | Place    | Note
--------------------------------------------------------------
     0 | D:1      | Goblin1989 the Minotaur Hunter began the quest for the Orb.
     0 | D:1      | Reached XP level 1. HP: 18/18 MP: 0/0
   145 | D:1      | Reached XP level 2. HP: 18/27 MP: 1/1
   634 | D:2      | Noticed Sigmund
   661 | D:2      | Noticed Terence
   663 | D:2      | Reached XP level 3. HP: 19/34 MP: 2/2
   671 | D:2      | Killed Terence
   671 | D:2      | Reached skill level 5 in Fighting
   973 | D:2      | Noticed Robin
   978 | D:2      | Reached XP level 4. HP: 35/42 MP: 3/3
   986 | D:2      | Reached skill level 1 in Axes
   994 | D:2      | Killed Robin
   997 | D:2      | Gained mutation: You have sharp fingernails. [potion of mutation]
   997 | D:2      | Gained mutation: You are partially covered in thin metallic scales (AC +2). [potion of mutation]
   997 | D:2      | Gained mutation: You are robust (+10% HP). [potion of mutation]
  1009 | D:2      | Slain by Sigmund

Action                   |  1- 3 |  4- 6 || total
-------------------------+-------+-------++-------
Melee: Short sword       |    44 |       ||    44
       Hand axe          |    11 |    26 ||    37
 Fire: Hand crossbow     |     1 |       ||     1
  Use: Potion            |     1 |     2 ||     3
 Stab: Sleeping          |     2 |       ||     2
